 Dungeon Sprint DCSS version 0.29.1-15-g9cfb28693d (webtiles) character file.

Game seed: 9633712232773681770

51443 Groucho the Impregnable (level 14, -18/136 HPs)
             Began as a Minotaur Fighter on Apr 30, 2023.
             Was the Champion of Cheibriados.
             Killed from afar by a fire giant (32 damage)
             ... with a fireball
             ... in the Dungeon (Sprint V: "Ziggurat Sprint").
             The game lasted 00:13:02 (2868 turns).

Groucho the Impregnable (Minotaur Fighter)          Turns: 2868, Time: 00:13:02

Health: -18/136    AC: 48    Str: 42    XL:     14   Next: 23%
Magic:  24/24      EV: 29    Int: 22    God:    Cheibriados [******]
Gold:   0          SH: 43    Dex: 40    Spells: 13/13 levels left

rFire   . . .      SeeInvis +   a - +14 obsidian axe {vorpal, Mesm Drain Fly SInv}
rCold   . . .      Faith    .   c - +18 shield of the Gong {rElec rN+ Will+ EV-5}
rNeg    + . .      Spirit   .   b - +15 Maxwell's patent armour {-Cast -Tele rElec Will+ rCorr}
rPois   .          Reflect  +   S - +3 crown of Dyrovepreva {rElec Int+2 SInv}
rElec   +          Harm     .   U - +1 cloak {Stlth+}
rCorr   +          Rampage  .   H - +2 pair of gloves "Sinwem" {Dex+4}
Will    +++..      NoTele   +   P - +2 pair of boots {Stlth+}
Stlth   +......... NoCast   +   C - amulet of reflection
HPRegen 0.32/turn               p - +6 ring of strength
MPRegen 0.19/turn               l - +6 ring of dexterity

@: flying, mesmerised, studying 2 skills, very slow
A: horns 2, retaliatory headbutt
a: Renounce Religion, Bend Time, Temporal Distortion, Slouch, Step From Time


You were in the Dungeon.
You worshipped Cheibriados.
Cheibriados was exalted by your worship.
You visited 1 branch

Inventory:

Hand Weapons
 a - the +14 obsidian axe (weapon) {vorpal, Mesm Drain Fly SInv}
   (You found it in the Dungeon)

   It inflicts extra damage upon your enemies.
   It occasionally summons demons to assist the wielder when it strikes in
   combat.
   Its wielder is mesmerised by any visible foes.
   It cannot be unequipped while any foes are visible.
   SInv:      It lets you see invisible.
   Fly:       It grants you flight.
   Drain:     It drains your maximum health when unequipped.
Missiles
 D - a boomerang of dispersal
 E - 6 boomerangs (quivered)
Armour
 b - the +15 Maxwell's patent armour (worn) {-Cast -Tele rElec Will+ rCorr}
   (You found it in the Dungeon)

   rElec:     It insulates you from electricity.
   -Cast:     It prevents spellcasting.
   -Tele:     It prevents most forms of teleportation.
   rCorr:     It protects you from acid and corrosion.
   Will:      It increases your willpower.
 c - the +18 shield of the Gong (worn) {rElec rN+ Will+ EV-5}
   (You found it in the Dungeon)

   It is deafeningly noisy when blocking attacks.
   EV:        It affects your evasion (-5).
   rElec:     It insulates you from electricity.
   rN:        It protects you from negative energy.
   Will:      It increases your willpower.
 H - the +2 pair of gloves "Sinwem" (worn) {Dex+4}
   (You found it in the Dungeon)

   Dex:       It affects your dexterity (+4).
 P - a +2 pair of boots of stealth (worn)
 S - the +3 crown of Dyrovepreva (worn) {rElec Int+2 SInv}
   (You found it in the Dungeon)

   Int:       It affects your intelligence (+2).
   rElec:     It insulates you from electricity.
   SInv:      It lets you see invisible.
 U - a +1 cloak of stealth (worn)
Jewellery
 k - a ring of flight
 l - a +6 ring of dexterity (right hand)
 m - a +6 ring of dexterity
 n - a +6 ring of intelligence
 o - a +6 ring of intelligence
 p - a +6 ring of strength (left hand)
 q - a +6 ring of strength
 C - an amulet of reflection (around neck)
 I - a ring of see invisible
 J - the amulet of the Air {Inacc Air Fly rElec RMsl}
   (You found it in the Dungeon)

   [amulet of nothing]

   It reduces the accuracy of all your attacks.
   It enhances your air magic.
   rElec:     It insulates you from electricity.
   Fly:       It grants you flight.
   RMsl:      It protects you from missiles.
 K - a ring of wizardry
 N - a ring of magical power
 O - the amulet "Niveg" {RegenMP rC++ Int+4}
   (You found it in the Dungeon)

   [amulet of magic regeneration]

   It increases your rate of magic regeneration.
   Int:       It affects your intelligence (+4).
   rC:        It greatly protects you from cold.
 Q - a ring of positive energy
 R - an amulet of faith
 T - a ring of willpower
Wands
 r - a wand of mindburst (7)
 s - a wand of iceblast (7)
 t - a wand of acid (7)
Scrolls
 j - 4 scrolls of blinking
 y - 4 scrolls of amnesia
 z - 7 scrolls of fog
 A - 5 scrolls of identify
 B - 2 scrolls of fear
 L - 3 scrolls of brand weapon
 M - 4 scrolls of enchant weapon
Potions
 d - 8 potions of might
 e - 10 potions of curing
 f - 8 potions of heal wounds
 g - 6 potions of haste
 h - 8 potions of magic
 i - 2 potions of berserk rage
 u - 2 potions of brilliance
 v - 2 potions of invisibility
 w - 4 potions of resistance
 x - a potion of experience
 F - a potion of attraction {unknown}


   Skills:
 + Level 15.9 Fighting
 + Level 15.7 Axes
 + Level 11.6 Throwing
 * Level 21.4 Armour
 * Level 19.6 Dodging
 + Level 18.7 Shields
 + Level 10.6 Unarmed Combat
 + Level 15.6 Invocations


You had 13 spell levels left.
You didn't know any spells.
Your spell library contained the following spells:

 Spells                   Type           Power      Damage    Failure   Level
 Apportation              Tloc           0%         N/A       54%         1
 Foxfire                  Conj/Fire      0%         2x1d4     54%         1
 Freeze                   Ice            0%         1d3       54%         1
 Magic Dart               Conj           0%         1d3       54%         1
 Sting                    Tmut/Pois      0%         1d3       54%         1
 Summon Small Mammal      Summ           0%         N/A       54%         1
 Call Imp                 Summ           0%         N/A       69%         2
 Ensorcelled Hibernation  Hex/Ice        0%         N/A       69%         2
 Passwall                 Tmut/Erth      0%         N/A       69%         2
 Poisonous Vapours        Pois/Air       0%         N/A       69%         2
 Scorch                   Fire           0%         2d5       69%         2
 Sublimation of Blood     Necr           0%         N/A       69%         2
 Wereblood                Tmut           0%         N/A       69%         2
 Call Canine Familiar     Summ           0%         N/A       89%         3
 Conjure Flame            Conj/Fire      0%         6-21      89%         3
 Dazzling Flash           Conj/Hex       0%         N/A       89%         3
 Ignite Poison            Fire/Tmut/Pois 0%         N/A       89%         3
 Inner Flame              Hex/Fire       0%         N/A       89%         3
 Mephitic Cloud           Conj/Pois/Air  0%         N/A       89%         3
 Portal Projectile        Hex/Tloc       0%         N/A       89%         3
 Summon Guardian Golem    Hex/Summ       0%         N/A       89%         3
 Swiftness                Air            0%         N/A       89%         3
 Tukima's Dance           Hex            0%         N/A       89%         3
 Animate Armour           Summ/Erth      0%         N/A       100%        4
 Flame Wave               Conj/Fire      0%         2d4       100%        4
 Iskenderun's Mystic Bla  Conj/Tloc      0%         2d3       100%        4
 Olgreb's Toxic Radiance  Pois           0%         N/A       100%        4
 Passage of Golubria      Tloc           0%         N/A       100%        4
 Petrify                  Tmut/Erth      0%         N/A       100%        4
 Summon Lightning Spire   Summ/Air       0%         N/A       100%        4
 Blade Hands              Tmut           0%         N/A       100%        5
 Freezing Cloud           Conj/Ice/Air   0%         6-21      100%        5
 Irradiate                Conj/Tmut      0%         3d11      100%        5
 Iskenderun's Battlesphe  Conj           0%         2d6       100%        5
 Manifold Assault         Tloc           0%         N/A       100%        5
 Metabolic Englaciation   Hex/Ice        0%         N/A       100%        5
 Silence                  Hex/Air        0%         N/A       100%        5
 Yara's Violent Unravell  Hex/Tmut       0%         3d3       100%        5
 Death Channel            Necr           0%         N/A       100%        6
 Iron Shot                Conj/Erth      0%         9d1       100%        6
 Starburst                Conj/Fire      0%         6d3       100%        6
 Statue Form              Tmut/Erth      0%         N/A       100%        6
 Summon Cactus Giant      Summ           0%         N/A       100%        6
 Dragon Form              Tmut           0%         N/A       100%        7
 Enfeeble                 Hex            0%         N/A       100%        7
 Haunt                    Necr/Summ      0%         N/A       100%        7
 Malign Gateway           Summ/Tloc      0%         N/A       100%        7
 Orb of Destruction       Conj           0%         9d5       100%        7
 Spellforged Servitor     Conj/Summ      0%         N/A       100%        7
 Lehudib's Crystal Spear  Conj/Erth      0%         10d2      100%        8
 Necromutation            Tmut/Necr      0%         N/A       100%        8
 Chain Lightning          Conj/Air       0%         N/A       100%        9
 Fire Storm               Conj/Fire      0%         5d1       100%        9
 Shatter                  Erth           0%         3d5*      100%        9


Dungeon Overview and Level Annotations

Branches:
Dungeon (1/1)

Altars:
Ashenzari
Cheibriados
Dithmenos
Elyvilon
Fedhas
Gozag
Hepliaklqana
Kikubaaqudgha
Makhleb
Nemelex Xobeh
Okawaru
Qazlal
Ru
Sif Muna
Trog
Uskayaw
Vehumet
Wu Jian
Xom
Yredelemnul
Zin
The Shining One
Jiyva
Lugonu


Innate Abilities, Weirdness & Mutations

You have a pair of horns on your head.
You reflexively headbutt those who attack you in melee.


Message History

You hear a shout!
A hellion comes into view.
A balrug comes into view. It is wielding a +0 demon whip.
The balrug gestures at you. Something smites you!
A fire giant comes into view.
It is wielding a +2 great sword of flaming.
A fire giant comes into view.
It is wielding a +0 great sword of flaming.
The hell hog breathes fire at you.
The fireball explodes!
The fireball engulfs you.
The fire giant gestures at you while chanting.
The bolt of fire hits you! The hell hog breathes fire at you.
The fireball explodes!
The fireball engulfs you but does no damage.
A hell hog comes into view.
A salamander tyrant comes into view.
The hellion moves out of view. x2; The balrug moves out of view.
The fire giant moves out of view.
You hear an angry squeal.
An ancient lich comes into view.
The ancient lich shouts!
You hear a shout! x2
A hell hog comes into view.
Unknown command.
Unknown command.
Unknown command. 3 hell hogs come into view.
Found eleven items.
Visions of slaying the hell hog flood into your mind.
The fire giant shouts!
The hell hog squeals angrily. x2
The hellion gives a hideous shriek!
The hell hog squeals angrily. x2
The fire giant points at you and mumbles some strange words.
The fireball explodes!
The fireball engulfs you!!! The hellion gestures at you.
The sphere of damnation explodes!
The damnation engulfs you!!
* * * LOW HITPOINT WARNING * * *
The hellion gestures at you.
The sphere of damnation explodes!
The damnation engulfs you!!
* * * LOW HITPOINT WARNING * * *
The fire giant points at you and mumbles some strange words.
The fireball explodes!
The fireball engulfs you!!
You die...

8_8_8_8▓ ▓.....8©8
..)).._▓
..}}|=2=2}=})..▓..).))}[
..[...8▓
..:2)::h)=C)[..▓...||[}.
......_▓
..C..Nhh..Lh...▓........
......8▓
....Ch.hC......▓........
..}..._▓
....N...CC2....▓........
......8▓
........h......▓........
......_▓
.......hh......▓........
......8▓
.......@.......▓..▓.....
......_▓
...............▓.▓▓▓....
......8▓
...............▓..▓.....
......_▓
...▓.......▓...▓........
8_8_8_8▓
...............▓......©.
▓▓▓▓▓▓▓▓
...............▓▓▓▓▓▓▓▓▓
.......©.......▓.....8©8
▓▓▓▓▓▓▓▓▓▓▓▓▓▓▓▓..)")|[.
▓..=.)[|.


You could see an ancient lich, 6 fire giants, 2 balrugs, 2 salamander tyrants, 9
hell hogs and 2 hellions.

Vanquished Creatures
  An ancient lich (D)
  A titan (D)
  3 ancient champions (D)
  A tentacled starspawn (D)
  A rockslime (D)
  A nargun (D)
  A frost giant (D)
  2 orc warlords (D)
  2 iron dragons (D)
  4 war gargoyles (D)
  A stone giant (D)
  3 vampire knights (D)
  2 wendigos (D)
  A white draconian (D)
  An iron golem (D)
  A great orb of eyes (D)
  A hydra (D)
  A death yak (D)
  3 dancing weapons (D)
  A soul eater (D)
  2 orc high priests (D)
  A spriggan berserker (D)
  A deep elf knight (D)
  A crystal echidna (D)
  A glowing orange brain (D)
  2 deep elf pyromancers (D)
  A necromancer (D)
  4 deep elf archers (D)
  6 orc knights (D)
  11 draconians (D)
  2 orc sorcerers (D)
  A cyclops (D)
  2 moths of wrath (D)
  A black mamba (D)
  2 hellions (D)
  A cane toad (D)
  A komodo dragon (D)
  A rime drake (shapeshifter) (D)
  2 trolls (D)
  2 merfolk (D)
  A polar bear (D)
  4 slime creatures (D)
  A blink frog (D)
  A dream sheep (D)
  2 air elementals (D)
  Sigmund (D)
  2 shadows (D)
  A basilisk (D)
  3 golden eyes (D)
  A warg (D)
  A floating eye (D)
  12 orc warriors (D)
  4 ogres (D)
  A wolf (D)
  Blork the orc (D)
  Dowan (D)
  A crimson imp (D)
  5 jellies (D)
  Crazy Yiuf (D)
  3 orc priests (D)
  Jessica (D)
  2 orc wizards (D)
  A spectral adder (D)
  An adder zombie (D)
  3 adder skeletons (D)
  4 orcs (D)
  A bat skeleton (D)
  4 bat zombies (D)
  4 endoplasms (D)
  A ball python simulacrum (D)
  2 ball python skeletons (D)
  2 ball python zombies (D)
  A jackal simulacrum (D)
  2 quokka skeletons (D)
  A spectral giant cockroach (D)
  A starspawn tentacle (D)
155 creatures vanquished.

Vanquished Creatures (collateral kills)
  A vampire knight (D)
  An orc sorcerer (D)
  A draconian (D)
  2 merfolk (D)
  2 ball python zombies (D)
  A giant cockroach zombie (D)
8 creatures vanquished.

Vanquished Creatures (others)
  An adder simulacrum (D)
  A ball python simulacrum (D)
  2 bat simulacra (D)
  A giant cockroach simulacrum (D)
  A starspawn tentacle (D)
6 creatures vanquished.

Grand Total: 169 creatures vanquished

Notes
Turn   | Place    | Note
-------+----------+-------------------------------------------
     0 | D        | Groucho the Minotaur Fighter began the quest for the Orb.
     0 | D        | Reached XP level 1. HP: 19/19 MP: 0/0
     3 | D        | Found a blossoming altar of Fedhas.
     3 | D        | Found the +6 Majin-Bo {vamp, MP+6 Int+6}
     3 | D        | Found the +9 heavy crossbow "Sniper" {vorpal, Acc+∞ SInv}
     3 | D        | Found the +10 dark maul {vorpal}
     3 | D        | Found the +15 Maxwell's patent armour {-Cast -Tele rElec
                  | Will+ rCorr}
     3 | D        | Found the +18 shield of the Gong {rElec rN+ Will+ EV-5}
     3 | D        | Found the +14 obsidian axe {vorpal, Mesm Drain Fly SInv}
     3 | D        | Found the +7 great mace "Firestarter" {inner flame, rF++}
     3 | D        | Found the +6 shillelagh "Devastator" {shatter}
     3 | D        | Found the +11 plutonium sword {Contam Stlth-}
     3 | D        | Found the +8 lance "Wyrmbane" {slay drac, rPois rF+ rC+
                  | AC+3}
     3 | D        | Found the +9 sword of Zonguldrok {reap}
     3 | D        | Found the +13 scythe of Curses {drain, Drain}
     3 | D        | Found the +5 sword of Power {vorpal}
     3 | D        | Found the +7 mace of Variability {chain chaos}
     3 | D        | Found the +7 Singing Sword {vorpal, sonic wave}
     3 | D        | Found the +8 storm bow {elec, penet}
     4 | D        | Found a viscous altar of Jiyva.
     4 | D        | Found a transporter.
     4 | D        | Found a hazy altar of Hepliaklqana.
     4 | D        | Found an ancient bone altar of Kikubaaqudgha.
     4 | D        | Found an opulent altar of Gozag.
     4 | D        | Found a corrupted altar of Lugonu.
     8 | D        | Found a burning altar of Makhleb.
     9 | D        | Found a stormy altar of Qazlal.
     9 | D        | Found an iron altar of Okawaru.
     9 | D        | Found a sacrificial altar of Ru.
     9 | D        | Found a sparkling altar of Nemelex Xobeh.
     9 | D        | Found a shimmering blue altar of Sif Muna.
     9 | D        | Found a bloodstained altar of Trog.
    81 | D        | Became a worshipper of Cheibriados the Contemplative
   102 | D        | Entered arena 2.
   102 | D        | Noticed a tentacled starspawn
   102 | D        | Noticed a crimson imp
   102 | D        | Found a transporter.
   106 | D        | Killed a tentacled starspawn
   107 | D        | Reached skill level 10 in Armour
   107 | D        | Reached skill level 10 in Shields
   107 | D        | Reached XP level 2. HP: 34/34 MP: 0/5
   107 | D        | Reached XP level 3. HP: 39/39 MP: 0/7
   107 | D        | Reached XP level 4. HP: 47/47 MP: 0/8
   107 | D        | Reached XP level 5. HP: 52/52 MP: 0/9
   107 | D        | Reached XP level 6. HP: 60/60 MP: 0/10
   107 | D        | Reached XP level 7. HP: 66/66 MP: 0/11
   107 | D        | Reached XP level 8. HP: 73/73 MP: 0/12
   506 | D        | Entered arena 3.
   506 | D        | Found a transporter.
   510 | D        | Reached * piety under Cheibriados
   511 | D        | Reached ** piety under Cheibriados
   521 | D        | Entered arena 4.
   521 | D        | Noticed a merfolk
   521 | D        | Noticed a merfolk
   521 | D        | Noticed a merfolk
   521 | D        | Noticed a merfolk
   521 | D        | Found a transporter.
   529 | D        | Killed a merfolk
   532 | D        | Killed a merfolk
   534 | D        | Killed a merfolk
   534 | D        | Reached *** piety under Cheibriados
   534 | D        | Killed a merfolk
   535 | D        | Reached skill level 11 in Armour
   547 | D        | Got the Encyclopedia of the Icy Pyromaniac
   637 | D        | Entered arena 5.
   637 | D        | Noticed a draconian
   637 | D        | Noticed a draconian
   637 | D        | Noticed a draconian
   637 | D        | Noticed a draconian
   637 | D        | Found a transporter.
   645 | D        | Killed a draconian
   645 | D        | Reached **** piety under Cheibriados
   645 | D        | Noticed an ice devil
   646 | D        | Reached skill level 1 in Throwing
   646 | D        | Reached skill level 10 in Dodging
   646 | D        | Reached XP level 9. HP: 82/82 MP: 13/15
   648 | D        | Killed a draconian
   649 | D        | Reached skill level 12 in Armour
   649 | D        | Killed a draconian
   649 | D        | Killed a draconian
   649 | D        | Reached ***** piety under Cheibriados
   650 | D        | Reached skill level 10 in Invocations
   886 | D        | Entered arena 6.
   886 | D        | Noticed Sigmund
   886 | D        | Noticed Jessica
   886 | D        | Noticed Blork the orc
   886 | D        | Noticed Crazy Yiuf
   886 | D        | Noticed Dowan
   886 | D        | Found a transporter.
   887 | D        | Killed Crazy Yiuf
   887 | D        | Killed Jessica
   888 | D        | Killed Dowan
   888 | D        | Killed Blork the orc
   888 | D        | Killed Sigmund
   895 | D        | Got Ziol's Folio of Enchantment and Mortification
   926 | D        | Entered arena 7.
   926 | D        | Noticed a deep elf archer
   926 | D        | Noticed a +0 vampiric battleaxe
   926 | D        | Noticed a deep elf archer
   926 | D        | Noticed a deep elf knight
   926 | D        | Noticed a deep elf archer
   926 | D        | Noticed a +2 antimagic battleaxe
   927 | D        | Killed a deep elf archer
   928 | D        | Reached skill level 13 in Armour
   928 | D        | Reached XP level 10. HP: 93/93 MP: 9/16
   928 | D        | Killed a +2 antimagic battleaxe
   928 | D        | Killed a +0 vampiric battleaxe
   928 | D        | Killed a deep elf archer
   929 | D        | Reached skill level 10 in Fighting
   929 | D        | Found a transporter.
   929 | D        | Killed a deep elf knight
   930 | D        | Reached skill level 10 in Axes
   932 | D        | Killed a deep elf archer
   933 | D        | Reached skill level 14 in Armour
   953 | D        | Got the +2 pair of gloves "Sinwem" {Dex+4}
  1088 | D        | Entered arena 8.
  1089 | D        | Reached ****** piety under Cheibriados
  1090 | D        | Found a transporter.
  1095 | D        | Reached skill level 5 in Throwing
  1105 | D        | Got the Secrets of the Jaunt
  1109 | D        | Entered arena 9.
  1109 | D        | Found the amulet of the Air {Inacc Air Fly rElec RMsl}
  1112 | D        | Found a transporter.
  1123 | D        | Got the Treatise on Permutations
  1129 | D        | Got Sif Muna's Spellbook of Adjuration and Toxicity
  1141 | D        | Entered arena 10.
  1141 | D        | Noticed a deep elf archer
  1141 | D        | Noticed a deep elf pyromancer
  1141 | D        | Noticed a +5 hand axe of flaming
  1141 | D        | Noticed an orc high priest
  1141 | D        | Noticed a deep elf pyromancer
  1142 | D        | Killed a +5 hand axe of flaming
  1143 | D        | Reached XP level 11. HP: 102/102 MP: 9/19
  1143 | D        | Killed a deep elf pyromancer
  1143 | D        | Killed a deep elf archer
  1144 | D        | Reached skill level 15 in Armour
  1144 | D        | Reached skill level 15 in Shields
  1144 | D        | Killed a deep elf pyromancer
  1144 | D        | Killed an orc high priest
  1439 | D        | Found a transporter.
  1467 | D        | Entered arena 11.
  1467 | D        | Noticed a white draconian
  1472 | D        | Reached skill level 1 in Unarmed Combat
  1475 | D        | Found a transporter.
  1478 | D        | Reached skill level 16 in Armour
  1480 | D        | Killed a white draconian
  1750 | D        | Got the Verses on United Permutations
  1753 | D        | Entered arena 12.
  1753 | D        | Noticed a great orb of eyes
  1753 | D        | Noticed a rockslime
  1757 | D        | Killed a rockslime
  1758 | D        | Noticed a glowing orange brain
  1759 | D        | Killed a great orb of eyes
  1760 | D        | Reached skill level 15 in Dodging
  1760 | D        | Reached XP level 12. HP: 113/113 MP: 4/20
  1765 | D        | Found a transporter.
  1782 | D        | Got the Codex of the Allied Caves
  1829 | D        | Entered arena 13.
  1829 | D        | Noticed a four-headed hydra
  1829 | D        | Noticed a death yak
  1833 | D        | Reached skill level 17 in Armour
  1833 | D        | Reached skill level 5 in Unarmed Combat
  1834 | D        | Killed a death yak
  1836 | D        | Killed a six-headed hydra
  1838 | D        | Found a transporter.
  1931 | D        | Entered arena 14.
  1932 | D        | Noticed a wendigo
  1932 | D        | Noticed a titan
  1932 | D        | Noticed a frost giant
  1932 | D        | Noticed a wendigo
  1932 | D        | Paralysed by a wendigo for 1 turns
  1937 | D        | Paralysed by a wendigo for 1 turns
  1938 | D        | Noticed a nargun
  1939 | D        | Killed a frost giant
  1940 | D        | Paralysed by a wendigo for 1 turns
  1941 | D        | Killed a titan
  1942 | D        | Killed a wendigo
  1946 | D        | Killed a wendigo
  1947 | D        | Reached skill level 18 in Armour
  1947 | D        | Killed a nargun
  1948 | D        | Found a transporter.
  2126 | D        | Entered arena 15.
  2127 | D        | Noticed an iron dragon
  2127 | D        | Noticed a war gargoyle
  2127 | D        | Noticed an iron golem
  2127 | D        | Noticed a war gargoyle
  2127 | D        | Noticed a war gargoyle
  2127 | D        | Noticed a war gargoyle
  2127 | D        | Noticed an ancient champion
  2127 | D        | Noticed an ancient champion
  2127 | D        | Noticed an ancient champion
  2127 | D        | Noticed an iron dragon
  2129 | D        | Killed a war gargoyle
  2129 | D        | Killed a war gargoyle
  2129 | D        | Killed a war gargoyle
  2129 | D        | Killed a war gargoyle
  2130 | D        | Reached XP level 13. HP: 123/123 MP: 11/22
  2131 | D        | Killed an ancient champion
  2131 | D        | Killed an ancient champion
  2131 | D        | Killed an ancient champion
  2132 | D        | Reached skill level 19 in Armour
  2136 | D        | Killed an iron dragon
  2140 | D        | Killed an iron dragon
  2141 | D        | Reached skill level 10 in Throwing
  2151 | D        | Killed an iron golem
  2155 | D        | Found a transporter.
  2172 | D        | Got the amulet "Niveg" {RegenMP rC++ Int+4}
  2188 | D        | Entered arena 16.
  2189 | D        | Noticed a vampire knight
  2189 | D        | Noticed a vampire knight
  2189 | D        | Noticed a vampire knight
  2189 | D        | Noticed an ancient lich
  2189 | D        | Identified the +1 scimitar of Conformity {antimagic, rPois
                  | rC+ Dex+2}
  2189 | D        | Noticed a vampire knight
  2192 | D        | Killed a vampire knight
  2194 | D        | Killed a vampire knight
  2194 | D        | Killed an ancient lich
  2195 | D        | Reached skill level 20 in Armour
  2195 | D        | Reached skill level 15 in Invocations
  2195 | D        | Killed a vampire knight
  2196 | D        | Reached skill level 15 in Fighting
  2197 | D        | Killed a vampire knight
  2200 | D        | Found a transporter.
  2409 | D        | Entered arena 17.
  2422 | D        | Found a transporter.
  2543 | D        | Entered arena 18.
  2546 | D        | Found the +3 crown of Dyrovepreva {rElec Int+2 SInv}
  2546 | D        | Noticed a stone giant
  2546 | D        | Noticed an orc warlord
  2550 | D        | Reached skill level 15 in Axes
  2552 | D        | Killed a stone giant
  2556 | D        | Killed an orc warlord
  2557 | D        | Reached skill level 10 in Unarmed Combat
  2557 | D        | Reached XP level 14. HP: 135/135 MP: 9/24
  2557 | D        | Found a transporter.
  2620 | D        | Got the amulet of Kudu {Faith Dex+4}
  2626 | D        | Entered arena 19.
  2630 | D        | Identified the +7 triple crossbow of the Bespelling Enemy
                  | {penet, rC+}
  2630 | D        | Noticed an orc warlord
  2633 | D        | Reached skill level 21 in Armour
  2637 | D        | Found a transporter.
  2643 | D        | Killed an orc warlord
  2862 | D        | Entered arena 20.
  2867 | D        | Noticed a fire giant
  2867 | D        | Noticed a fire giant
  2867 | D        | Noticed a fire giant
  2867 | D        | Noticed a fire giant
  2867 | D        | Noticed a balrug
  2867 | D        | Noticed a balrug
  2867 | D        | Noticed a fire giant
  2867 | D        | Noticed a fire giant
  2867 | D        | Noticed an ancient lich
  2868 | D        | Killed from afar by a fire giant

Illustrated notes

Levels and vault maps discovered:
D:        sprint_v [room_start, room_1, room_2, room_3, room_4, room_5, room_6,
          room_7, room_8, room_9, room_10, room_11, room_12, room_13, room_14,
          room_15, room_16, room_17, room_18, room_19, room_20, room_21,
          room_22, room_23, room_24, room_25, room_26, room_27]

Skill      XL: |  1  2  3  4  5  6  7  8  9 10 11 12 13 14 |
---------------+-------------------------------------------+-----
Fighting       | 7 8 9 11 12 13 15 | 15.9
Axes           | 7 8 9 10 12 13 15 | 15.7
Armour         | 10 11 13 14 16 18 20 21 | 21.4
Dodging        | 8 10 11 13 15 16 19 | 19.6
Shields        | 10 11 13 14 15 17 18 | 18.7
Invocations    | 7 9 10 12 13 14 15 | 15.6
Throwing       | 1 3 5 7 9 11 | 11.6
Unarmed Combat | 4 7 10 | 10.6

Action                   |  1- 3 |  4- 6 |  7- 9 | 10-12 | 13-15 || total
-------------------------+-------+-------+-------+-------+-------++-------
Melee: Broad axe         |     3 |       |    22 |    32 |    45 ||   102
       Headbutt          |       |       |     3 |     7 |    10 ||    20
Throw: Boomerang         |       |       |     1 |       |       ||     1
Invok: Slouch            |       |       |     3 |    22 |    11 ||    36
       Bend Time         |       |       |       |     1 |       ||     1
  Use: Potion            |     1 |       |     1 |     1 |       ||     3
Armor: Plate armour      |     1 |       |    11 |     9 |     9 ||    30
Dodge: Dodged            |       |       |     6 |     4 |    10 ||    20
Block: Kite shield       |     3 |       |    59 |    44 |    58 ||   164
       Reflection        |       |       |     1 |     7 |     6 ||    14
